 Dungeon Sprint DCSS version bcrawl-1.19.2-6-g6a88ae04c9 (webtiles) character file.

Game seed: 18027622254560975695

1010 Freyura the Basher (level 8, 0/56 HPs)
             Began as a Gargoyle Monk on Jan 5, 2020.
             Was a Believer of Qazlal.
             Slain by a deep troll (3 damage)
             ... in the Dungeon (Sprint I: "Red Sonja").
             The game lasted 00:05:19 (719 turns).

Freyura the Basher (Gargoyle Monk)                   Turns: 719, Time: 00:05:20

Health: 0/56       AC: 23    Str: 16    XL:     8   Next: 21%
Magic:  0/11       EV:  8    Int: 10    God:    Qazlal [**....]
Gold:   14         SH:  2    Dex: 14    Spells: 7/7 levels left

rFire    . . .     SeeInvis .   a - +0 mace
rCold    . . .     Gourm    .   (no shield)
rNeg     + . .     Faith    .   j - +4 plate armour {MR+}
rPois    ∞         Spirit   +   c - +0 hat
rElec    +         Reflect  .   (no cloak)
rCorr    .         Harm     .   (no gloves)
MR       +....     NoTele   +   (no boots)
Stlth    ..........             d - amulet of guardian spirit
HPRegen  0.18/turn              (no ring)
MPRegen  0.12/turn              (no ring)

@: no status effects
A: negative energy resistance 1, electricity resistance, unbreathing,
petrification resistance, rot immunity, AC +5
a: Upheaval, Renounce Religion


You were in the Dungeon.
You worshipped Qazlal.
Qazlal was pleased with you.
You were not hungry.

You visited 1 branch You collected 614 gold pieces.
You spent 600 gold pieces at shops.

Inventory:

Hand Weapons
 a - a +0 mace (weapon)
Armour
 c - a +0 hat (worn)
 j - a +4 plate armour of magic resistance (worn)
Jewellery
 d - an amulet of guardian spirit (around neck)
Wands
 l - a wand of polymorph (12)
Scrolls
 e - a scroll of fear {unknown}
 k - a scroll of blinking
Potions
 h - a potion of haste
 i - 2 potions of magic
Comestibles
 f - 2 rations {!d}


   Skills:
 + Level 9.0 Fighting
 * Level 11.1 Maces & Flails
 + Level 8.2 Armour
 + Level 6.8 Dodging
 - Level 2.4 Stealth
 + Level 5.0 Invocations


You had 7 spell levels left.
You didn't know any spells.
Your spell library was empty.

Dungeon Overview and Level Annotations

Branches:
Dungeon (1/1)

Altars:
Cheibriados
Dithmenos
Elyvilon
Fedhas
Gozag
Hepliaklqana
Kikubaaqudgha
Nemelex Xobeh
Okawaru
Qazlal
Ru
Sif Muna
Trog
Uskayaw
Vehumet
Wu Jian
Yredelemnul
Zin
The Shining One

Shops:
D *


Innate Abilities, Weirdness & Mutations

You are resistant to torment.
Your stone body is resilient. (AC +5)
You are immune to poison.
You resist negative energy. (rN+)
You are resistant to electric shocks. (rElec)
You can survive without breathing.
You are immune to petrification.
You are immune to rotting.


Message History

The deep troll closely misses you.
The deep troll claws you but does no damage.
You hit the deep troll but do no damage.
The deep troll is lightly wounded.
The deep troll bites you but does no damage.
The deep troll barely misses you. The deep troll closely misses you.
You hit the deep troll but do no damage.
The deep troll is lightly wounded.
The deep troll bites you but does no damage.
The deep troll barely misses you. The deep troll claws you.
* * * LOW HITPOINT WARNING * * *
You hit the deep troll.
The deep troll is lightly wounded.
The deep troll bites you but does no damage.
The deep troll claws you but does no damage.
The deep troll closely misses you.
You hit the deep troll.
The deep troll is lightly wounded.
The deep troll closely misses you. The deep troll claws you.
You die...

#..#####'#####'#
#..####..#...#)#
#..#__####..##(#
#..#_____##'#_.+
#⌠⌠#_.∩...').._#
####_..__##_.#+#
#_____###'#
#########.####+###
+@T.'$$.$$+
#...#######
###.### #.#'#.#
#.....# #.....#
#######


You could see a deep troll.

Vanquished Creatures
  Sonja (D)
  A yak (D)
  Sigmund (D)
  An ogre (D)
  A jelly (D)
  Ijyb (D)
  2 ballistomycetes (D)
8 creatures vanquished.

Vanquished Creatures (others)
  A gargoyle (D)
  2 ballistomycete spores (D)
3 creatures vanquished.

Grand Total: 11 creatures vanquished

Notes
Turn   | Place    | Note
-------+----------+-------------------------------------------
     0 | D        | Freyura the Gargoyle Monk began the quest for the Orb.
     0 | D        | Reached XP level 1. HP: 14/14 MP: 2/2
     2 | D        | Noticed Ijyb
    17 | D        | Killed Ijyb
    17 | D        | Reached skill level 4 in Maces & Flails
    17 | D        | Reached XP level 2. HP: 13/20 MP: 3/3
    17 | D        | Reached XP level 3. HP: 16/24 MP: 4/4
   111 | D        | Noticed an ogre
   123 | D        | Killed an ogre
   123 | D        | Reached skill level 5 in Fighting
   123 | D        | Reached skill level 6 in Maces & Flails
   123 | D        | Reached XP level 4. HP: 11/31 MP: 0/5
   309 | D        | Noticed Sigmund
   318 | D        | Killed Sigmund
   318 | D        | Reached skill level 8 in Maces & Flails
   318 | D        | Reached skill level 5 in Armour
   318 | D        | Reached skill level 5 in Dodging
   318 | D        | Reached XP level 5. HP: 37/37 MP: 6/6
   318 | D        | Reached XP level 6. HP: 42/42 MP: 7/7
   351 | D        | Found an ornate altar of the Wu Jian Council.
   351 | D        | Found a shimmering blue altar of Sif Muna.
   353 | D        | Found a radiant altar of Vehumet.
   379 | D        | Found Homy's General Store.
   379 | D        | Found an ancient bone altar of Kikubaaqudgha.
   379 | D        | Found a hazy altar of Hepliaklqana.
   379 | D        | Found a stormy altar of Qazlal.
   379 | D        | Found a hide-covered altar of Uskayaw.
   379 | D        | Found a blossoming altar of Fedhas.
   379 | D        | Found a bloodstained altar of Trog.
   379 | D        | Found an iron altar of Okawaru.
   379 | D        | Found a basalt altar of Yredelemnul.
   379 | D        | Found a glowing golden altar of the Shining One.
   379 | D        | Found a snail-covered altar of Cheibriados.
   379 | D        | Found a sacrificial altar of Ru.
   379 | D        | Found a glowing silver altar of Zin.
   379 | D        | Found a shadowy altar of Dithmenos.
   379 | D        | Found a white marble altar of Elyvilon.
   379 | D        | Noticed a yak
   394 | D        | Killed a yak
   394 | D        | Reached skill level 9 in Maces & Flails
   394 | D        | Reached XP level 7. HP: 17/48 MP: 3/8
   395 | D        | Found an opulent altar of Gozag.
   396 | D        | Found a sparkling altar of Nemelex Xobeh.
   403 | D        | Became a worshipper of Qazlal Stormbringer
   403 | D        | Reached * piety under Qazlal
   403 | D        | Reached ** piety under Qazlal
   421 | D        | Killed a gargoyle
   574 | D        | Noticed Sonja
   589 | D        | Killed Sonja
   589 | D        | Reached skill level 11 in Maces & Flails
   589 | D        | Reached skill level 5 in Invocations
   589 | D        | Reached XP level 8. HP: 40/56 MP: 5/11
   665 | D        | Bought a +4 plate armour of magic resistance for 600 gold
                  | pieces
   688 | D        | Noticed a deep troll
   719 | D        | Slain by a deep troll

Skill      XL: |  1  2  3  4  5  6  7 |
---------------+----------------------+-----
Fighting       | 4 5 6 7 9 |  9.0
Maces & Flails | 4 6 8 9 11 | 11.1
Armour         | 2 4 5 6 8 |  8.2
Dodging        | 3 4 5 6 |  6.8
Invocations    | 5 |  5.0
Stealth        | |  2.4

Action                   |  1- 3 |  4- 6 |  7- 9 || total
-------------------------+-------+-------+-------++-------
Melee: Unarmed           |    10 |       |       ||    10
       Mace              |    10 |    24 |    39 ||    73
  Use: Potion            |     1 |     2 |     2 ||     5
 Stab: Confused          |     1 |       |       ||     1
Armor: Skin              |     2 |       |       ||     2
       Ring mail         |       |     1 |     4 ||     5
       Plate armour      |       |       |    32 ||    32
Dodge: Dodged            |    11 |    12 |    20 ||    43
Block: Other             |       |       |     5 ||     5
